 Dungeon Crawl Stone Soup version 0.29-a0-1016-g236c7fd91e (webtiles) character file.

Game seed: 10488347272967443813

19 kae the Chopper (level 2, 0/24 (26) HPs)
             Began as a Minotaur Fighter on Aug 9, 2022.
             Slain by an orc
             ... wielding a +0 flail
              (2 damage)
             ... on level 2 of the Dungeon.
             The game lasted 00:00:18 (1036 turns).

kae the Chopper (Minotaur Fighter)                  Turns: 1036, Time: 00:00:18

HP:   0/24 (26)     AC:  6    Str: 20    XL:     2   Next: 55%
MP:   1/1           EV:  9    Int:  5    God:
Gold: 81            SH:  4    Dex:  9    Spells: 1/1 levels left

rFire   . . .      SeeInvis .   a - +0 war axe
rCold   . . .      Faith    .   c - +0 buckler
rNeg    . . .      Spirit   .   b - +0 scale mail
rPois   .          Reflect  .   (helmet restricted)
rElec   .          Harm     .   (no cloak)
rCorr   .          Rampage  .   (no gloves)
Will    .....                   (no boots)
Stlth   ..........              (no amulet)
HPRegen 0.08/turn               (no ring)
MPRegen 0.07/turn               (no ring)

@: drained
A: horns 2, retaliatory headbutt
a: no special abilities


You were on level 2 of the Dungeon.
You visited 1 branch of the dungeon, and saw 2 of its levels.

You collected 81 gold pieces.


Innate Abilities, Weirdness & Mutations

You have a pair of horns on your head.
You reflexively headbutt those who attack you in melee.


   Skills:
 - Level 3.6 Fighting
 + Level 3.9 Axes
 - Level 3.6 Armour
 - Level 3.6 Shields


You had one spell level left.
You didn't know any spells.
Your spell library contained the following spells:

 Spells                   Type           Power      Damage    Failure   Level
 Beastly Appendage        Tmut           0%         N/A       89%         1
 Wereblood                Tmut           0%         N/A       96%         2
 Spider Form              Tmut/Pois      0%         N/A       99%         3

Inventory:

Hand Weapons
 a - a +0 war axe (weapon)
Missiles
 e - 18 stones (quivered)
Armour
 b - a +0 scale mail (worn)
 c - a +0 buckler (worn)
Potions
 d - a potion of might
 f - a potion of magic {unknown}

Dungeon Overview and Level Annotations

Branches:
Dungeon (2/15) Zot: 10939

Altars:

..............##.# #.#
..........†..##.# #..
###.#........##.# #..
#..........##.# #..
##...†........#
#..........## #
##..........##...
#.......>.o(.....
#..........b@o......
.......#......oo......
###...................
#...................
####...........#g...
##........###..##
##.####### .# #. .


You could see an orc priest, 3 orcs, a goblin and a bat.


Message History

No target in view!
There is an escape hatch in the floor here.
You enter the shallow water.
Moving in this stuff is going to be slow.
You enter the shallow water.
Moving in this stuff is going to be slow.
You enter the shallow water.
Moving in this stuff is going to be slow.
You enter the shallow water.
Moving in this stuff is going to be slow.
Done exploring.
No target in view!
No target in view!
Done exploring.
No target in view!
No target in view!
Done exploring.
No target in view!
No target in view!
Done exploring.
No target in view!
No target in view!
Done exploring.
(D) Dungeon
Where to? (? - help)
You see here a +0 sling.
You see here a +0 spear.
There is a stone staircase leading down here.
You climb downwards.
Found a whip.
Found a stone staircase leading up.
There is a stone staircase leading up here.
You aren't carrying any scrolls.
Unknown command.
You aren't carrying any pieces of jewellery.
Unknown command.
You now have 73 gold pieces (gained 10).
A ball python comes into view.
The ball python hisses angrily.
A ball python is nearby!
Found an escape hatch in the ceiling.
A ball python is nearby!
You closely miss the ball python. The ball python closely misses you.
You block the ball python's attack.
You hit the ball python.
You kill the ball python!
e - 18 stones (gained 3)
A quokka comes into view.
A dart slug comes into view.
Found 4 stones and 8 gold pieces.
Found a stone staircase leading down.
There are monsters nearby!
You slash the quokka!
You kill the quokka!
The dart slug launches a dart at you.
The slug dart hits you but does no damage.
A dart slug is nearby!
A dart slug is nearby!
You hit the dart slug. The dart slug launches a dart at you.
The slug dart hits you but does no damage.
You hit the dart slug.
You kill the dart slug!
You now have 81 gold pieces (gained 8).
An orc priest comes into view.
It is wielding a +2 short sword of draining.
The orc priest shouts!
You hear a shout!
An orc comes into view. It is wielding a +0 flail. x2
A bat comes into view.
The orc shouts!
You hear a shout!
An orc comes into view. It is wielding a +0 short sword.
An orc comes into view. It is wielding a +0 flail.
There is a stone staircase leading down here.
The bat hits you but does no damage.
There are monsters nearby!
You closely miss the bat. The bat hits you but does no damage.
A goblin comes into view. It is wielding a +0 club.
You closely miss the orc.
The goblin shouts!
Your headbutt misses the orc. You block the bat's attack.
There are monsters nearby!
You hit the orc priest. You closely miss the orc. The bat barely misses you.
The orc priest mumbles some strange prayers to Beogh against you.
Beogh smites you!
You are too injured to fight recklessly! 😮 HP[-12]
You take 12 damage, and now have 14/26 hp.
MASSIVE DAMAGE!! (PAUSE)
You slash the orc!
You kill the orc!
You slash the orc priest! You barely miss the orc.
The bat hits you but does no damage. The bat misses you.
The orc barely misses you. You furiously retaliate!
You headbutt the orc.
The orc priest hits you with a +2 short sword of draining.
* * * LOW HITPOINT WARNING * * *
You feel drained.
* * * LOW HITPOINT WARNING * * *
The bat closely misses you. The orc hits you with a +0 flail.
* * * LOW HITPOINT WARNING * * *
The orc priest barely misses you. The orc hits you with a +0 flail.
You die...

Skill      XL: |  1 |
---------------+----+-----
Axes           | 3 |  3.9
Fighting       | |  3.6
Armour         | |  3.6
Shields        | |  3.6

Action                   || total
-------------------------++-------
Melee: War axe           ||    35
       Headbutt          ||     3
Armor: Scale mail        ||    16
Dodge: Dodged            ||    18
Block: Buckler           ||     6

Levels and vault maps discovered:
D:1:      lightli_arrival_isolated_outpost, layout_loops_ring,
          ebering_ecumenical_altar_sacrificial,
          amcnicky_mini_rare_corridor_liquid, minmay_crystal_room,
          minmay_splitting_lines, nrook_campfire
D:2:      layout_rooms

Notes
Turn   | Place    | Note
-------+----------+-------------------------------------------
     0 | D:1      | kae the Minotaur Fighter began the quest for the Orb.
     0 | D:1      | Reached XP level 1. HP: 19/19 MP: 0/0
     0 | D:1      | magus.rc [v1.11.3]
   133 | D:1      | Reached skill level 3 in Axes
   133 | D:1      | You pick up a book of Changes and begin reading...
   133 | D:1      | You add the spells Beastly Appendage, Wereblood and Spider
                  | Form to your library.
   311 | D:1      | Reached XP level 2. HP: 26/26 MP: 1/1
   441 | D:1      | Found a faded altar of an unknown god.
  1036 | D:2      | HP: 6/24 [orc priest/+2 short sword of draining (2)]
  1036 | D:2      | HP: 2/24 [orc/+0 flail (4)]
  1036 | D:2      | Slain by an orc

Vanquished Creatures
  A dart slug (D:2)
  An orc (D:2)
  An endoplasm (D:1)
  A giant cockroach (D:1)
  A goblin (D:1)
  3 hobgoblins (D:1)
  2 quokkas
  2 ball pythons
  A bat (D:1)
  A frilled lizard (D:1)
  2 kobolds (D:1)
16 creatures vanquished.

Table legend:
 A = Non-vault XP
 B = Vault XP
 C = Vault XP percentage of total XP
 D = Non-vault monster count
 E = Vault monster count
 F = Vault count percentage of total count
                 A         B        C        D         E       F
            +---------+---------+-------+---------+---------+-------
      Total |      31 |       0 |   0.0 |      16 |       0 |   0.0
            +---------+---------+-------+---------+---------+-------
        D:1 |      20 |       0 |   0.0 |      12 |       0 |   0.0
        D:2 |      11 |       0 |   0.0 |       4 |       0 |   0.0
            +---------+---------+-------+---------+---------+-------

Illustrated notes

Table legend:
 A = Kills in this place as a percentage of kills in entire the game.
 B = Kills by you in this place as a percentage of kills by you in the entire game.
 C = Kills by friends in this place as a percentage of kills by friends in the entire game.
 D = Other kills in this place as a percentage of other kills in the entire game.
 E = Experience gained in this place as a percentage of experience gained in the entire game.
 F = Experience gained in this place divided by the number of levels of this place that you have seen.
                   A       B       C       D       E      F
               +-------+-------+-------+-------+-------+----------------------
         Total | 100.0 | 100.0 |   N/A |   N/A | 100.0 |  15.5
       Dungeon | 100.0 | 100.0 |   N/A |   N/A | 100.0 |  15.5
               +-------+-------+-------+-------+-------+----------------------

Table legend: (Time is in decaauts)
 A = Elapsed time spent in this place.
 B = Non-inter-level travel time spent in this place.
 C = Inter-level travel time spent in this place.
 D = Time resting spent in this place.
 E = Time spent auto-exploring this place.
 F = Levels seen in this place.
 G = Mean time per level.
                   A        B        C        D        E       F      G
               +--------+--------+--------+--------+--------+-----+--------+
         Total |   1058 |   1013 |     45 |      0 |    924 |   2 |  529.0 |
       Dungeon |   1058 |   1013 |     45 |      0 |    924 |   2 |  529.0 |
               +--------+--------+--------+--------+--------+-----+--------+

Top non-repeatable levels by time:
     D:1: 979 daAuts
     D:2: 79 daAuts
